 Dungeon Crawl Stone Soup version 0.17-a0-1909-g0b14330 (webtiles) character file.

14 Japsu the Firebug (level 2, 0/22 HPs)
             Began as a Draconian Fire Elementalist on Sept 25, 2015.
             Slain by a gnoll
             ... wielding a +0 halberd
              (11 damage)
             ... on level 1 of the Dungeon.
             The game lasted 00:06:53 (627 turns).

Japsu the Firebug (Draconian Fire Elementalist)      Turns: 627, Time: 00:06:53

Health: 0/22       AC:  4    Str: 10    XL:     2   Next: 31%
Magic:  4/5        EV: 12    Int: 15    God:
Gold:   26         SH:  0    Dex: 11    Spells: 2 memorised, 2 levels left

rFire  . . .     SeeInvis .     d - +0 dagger
rCold  . . .     Clarity  .     (armour unavailable)
rNeg   . . .     SustAt   .     (no shield)
rPois  .         Gourm    .     (helmet restricted)
rElec  .         Spirit   .     (no cloak)
rCorr  .         Warding  .     (no gloves)
rMut   .         Stasis   .     (no boots)
MR     .....                    (no amulet)
Stlth  ++........               (no ring)
                                (no ring)

@: not resistant to hostile enchantments, unstealthy
A: unfitting armour, cold-blooded, AC +4
a: no special abilities


You were on level 1 of the Dungeon.
You were not hungry.

You visited 1 branch of the dungeon, and saw 1 of its levels.

You collected 26 gold pieces.

Inventory:

Hand weapons
 d - a +0 dagger (weapon)
Missiles
 h - a javelin (quivered)
Armour
 g - a +0 robe
Scrolls
 c - 2 scrolls of identify {unknown}
Potions
 e - a potion of lignification {unknown}
 f - a potion of curing {unknown}
Books
 a - a book of Flames

   Spells                             Type                      Level
   a - Flame Tongue                   Conjuration/Fire             1
   b - Throw Flame                    Conjuration/Fire             2
   c - Conjure Flame                  Conjuration/Fire             3
   d - Inner Flame                    Hexes/Fire                   3
   e - Sticky Flame                   Conjuration/Fire             4
   f - Fireball                       Conjuration/Fire             5
Comestibles
 b - a bread ration
 i - a slice of pizza


   Skills:
 * Level 0.4 Fighting
 + Level 2.1 Dodging
 + Level 1.8 Stealth
 - Level 0.2 Unarmed Combat
 * Level 2.0 Spellcasting
 * Level 1.1 Conjurations
 + Level 3.2 Fire Magic


You had 2 spell levels left.
You knew the following spells:

 Your Spells              Type           Power        Failure   Level  Hunger
a - Flame Tongue          Conj/Fire      #....        12%         1    #......
b - Throw Flame           Conj/Fire      #.....       14%         2    ###....


Dungeon Overview and Level Annotations

Branches:
Dungeon (1/15)

Altars:


Innate Abilities, Weirdness & Mutations

Your plain brown scales are hard (AC +4).
Your body does not fit into most forms of armour.
You are cold-blooded and may be slowed by cold attacks.


Message History

Throwing (i - inventory):
h - 2 javelins (quivered)
Press: ? - help, Shift-Dir - straight line, f/p - gnoll
Aim: a gnoll, wielding a halberd (lightly wounded)
You throw a javelin. The javelin hits the gnoll.
The gnoll is moderately wounded.
The gnoll hits you from afar with a halberd!
Ouch! That really hurt!
The gnoll barely misses you.
Casting: Throw Flame
Confirm with . or Enter, or press ? or * to list all spells.
Aiming: Flame Tongue
Press: ? - help, Shift-Dir - straight line, f/p - gnoll
Aim: a gnoll, wielding a halberd (lightly wounded)
The flame tongue hits the gnoll.
The gnoll is moderately wounded.
The gnoll hits you but does no damage.
Sorry, you're not good enough to have a special ability.
The gnoll hits you with a halberd!
Ouch! That really hurt!
You die...

##.#..###### #.##.#.##.#
#..........# #.##.#.##.#
.....#####.#
#.##.#.##.#### #...## #.#
#............# ##.###
##.## ####.#.##....# #...#
##.#.#######....##...#####
###.#
#.###.........#.......)...
#.#
##.#.#####g...(.###.######
#.####>..###.@.....## #.#
#.#....#.......##### #.#
#.#)##...###...# #.#
#.#.###.## ##..# #.# #
#.#.# #.#####..# #.# #
#.#.###........# #.# #
#(#.........#.## #.# #
#(.......##.#.# #.#
######..##.###.#.#
#.######


You could see a gnoll.

Vanquished Creatures
  A giant gecko (D:1)
  2 bats (D:1)
  2 goblins (D:1)
  5 hobgoblins (D:1)
  A kobold (D:1)
  A rat (D:1)
12 creatures vanquished.

Notes
Turn   | Place    | Note
--------------------------------------------------------------
     0 | D:1      | Japsu the Draconian Fire Elementalist began the quest for the Orb.
     0 | D:1      | Reached XP level 1. HP: 14/14 MP: 3/3
   295 | D:1      | Reached XP level 2. HP: 20/20 MP: 1/5
   303 | D:1      | Learned a level 2 spell: Throw Flame
   627 | D:1      | Slain by a gnoll

Vault maps used:
D:1:      dpeg_arrival_three_same_balls

Action                   || total
-------------------------++-------
Melee: Unarmed           ||    19
       Dagger            ||     8
Throw: Javelin           ||     1
 Cast: Flame Tongue      ||    11
       Throw Flame       ||     6
